AoeStats
← Kurt_Loves_AoE2

Four Lakes

507926690Analyzed
1v1 RM · 12d ago on Sep 20, 2026· 59m 56s· 2 players
Game mode
Random Map
Map size
Tiny (2 player)
Population
200
Speed
Normal
Resources
Standard
Victory
Conquest
Starting age
Dark Age
Ending age
Imperial Age
RankedLock teamsTeams togetherTeam positionsShared explorationLock speedFull tech treeHidden civsTurbo modeCheats
Victory
Defeat
🇺🇸 Vikings · United States
433
+16
🇺🇸 Khmer · United States
430
-16
Warco26
0:37 Loom
14:34 Feudal Age
18:26 Castle Age
16:55 Fishing Lines
17:40 Arson
19:07 Double-Bit Axe
22:23 Wheelbarrow
23:42 Man-at-Arms
24:29 Gillnets
26:26 Scale Mail Armor
26:27 Padded Archer Armor
26:38 Forging
28:13 Chain Mail Armor
30:27 Iron Casting
30:54 Leather Archer Armor
30:03 Elite Skirmisher
30:42 Horse Collar
31:16 Bow Saw
33:48 Stone Mining
33:49 Gold Mining
34:54 Fletching
35:21 Long Swordsman
40:15 Imperial Age
44:08 Gold Shaft Mining
47:46 Chemistry
48:19 Ballistics
49:13 Double Crossbow
54:29 Ring Archer Armor
53:55 Bodkin Arrow
Kurt_Loves_AoE2
1:13 Loom
3:58 Loom
4:21 Loom
5:17 Loom
11:57 Feudal Age
13:54 Double-Bit Axe
17:25 Man-at-Arms
17:51 Arson
18:12 Scale Mail Armor
18:23 Forging
18:12 Fishing Lines
20:48 Forging
21:32 Fletching
25:50 Horse Collar
26:21 Gold Mining
26:28 Stone Mining
27:16 Padded Archer Armor
27:11 Town Watch
28:49 Stone Mining
33:35 Castle Age
34:06 Pikeman
34:47 Squires
35:43 Chain Mail Armor
36:04 Iron Casting
35:25 Bodkin Arrow
37:26 Leather Archer Armor
36:40 Long Swordsman
37:05 Gambesons
36:51 Crossbowman
36:53 Elite Skirmisher
38:31 Chieftains
39:36 Scale Barding Armor
40:16 Medium Warships
40:04 Gillnets
44:30 Masonry
44:16 Murder Holes
46:33 Chain Barding Armor
51:11 Imperial Age
48:42 Town Patrol
52:33 Bow Saw
53:11 Architecture
52:54 Fortified Wall
53:45 Chemistry
52:45 Guard Tower
52:43 Arrowslits
53:11 Clinker Construction
53:14 Careening
53:11 Two-Handed Swordsman
54:14 Elite Berserk
54:56 Capped Ram
56:50 Plate Mail Armor
58:21 Blast Furnace
57:53 Siege Ram
60:13 Hoardings
Connection lost

Rejoining the realm…

Still unreachable

The connection could not be restored.

Session expired

The server has moved on; the page needs a fresh start.